 Dungeon Crawl Stone Soup version 0.27-a0-333-gfa571bf19a (webtiles) character file.

Game seed: 6283419302936018735

245 inc the Jinx (level 5, -2/21 HPs)
             Began as a Felid Enchanter on Feb 12, 2021.
             Slain by an ogre (7 damage)
             ... on level 5 of the Dungeon.
             The game lasted 00:08:49 (6527 turns).

inc the Jinx (Felid Enchanter)                      Turns: 6527, Time: 00:08:50

Health: -2/21      AC:  1    Str:  4    XL:     5   Next: 83%
Magic:  3/9        EV: 18    Int: 16    God:
Gold:   188        SH:  0    Dex: 18    Spells: 2/8 levels left
                                        Lives:  0   Deaths: 1

rFire    . . .     SeeInvis +     - Unarmed
rCold    . . .     Faith    .   (shield unavailable)
rNeg     . . .     Spirit   .   (armour unavailable)
rPois    .         Reflect  .   (helmet unavailable)
rElec    .         Harm     .   (cloak unavailable)
rCorr    .         Rampage  .   (gloves unavailable)
Will     .....                  (boots unavailable)
Stlth    +++.......             (no amulet)
HPRegen  0.07/turn              (no ring)
MPRegen  0.11/turn              (no ring)

@: quick
A: very small, no armour, no weapons or thrown items, stealth, claws 1, fangs 3,
see invisible, speed 1, shaggy fur 1, sharp paws
a: no special abilities


You were on level 5 of the Dungeon.
You visited 1 branch of the dungeon, and saw 6 of its levels.

You collected 188 gold pieces.

Inventory:

Wands
 p - a wand of random effects (15)
Scrolls
 a - 4 scrolls of random uselessness {unknown}
 d - a scroll of enchant armour {unknown}
 e - a scroll of amnesia {unknown}
 f - a scroll of teleportation {unknown}
 h - 3 scrolls of identify {unknown}
 m - 2 scrolls of blinking {unknown}
 o - a scroll of fog {unknown}
 q - a scroll of fear {unknown}
 r - a scroll of immolation {unknown}
 t - a scroll of magic mapping {unknown}
Potions
 b - a potion of curing
 c - a potion of lignification {unknown}
 g - a potion of might {unknown}
 i - a potion of cancellation {unknown}
 j - 2 potions of haste {unknown}
 k - a potion of degeneration {unknown}
 l - a potion of resistance {unknown}
 n - a potion of flight {unknown}
 s - a potion of ambrosia {unknown}


   Skills:
 - Level 2.6 Dodging
 + Level 4.4 Stealth
 + Level 1.5 Unarmed Combat
 - Level 2.4 Spellcasting
 - Level 9.0 Hexes
 - Level 1.5 Ice Magic


You had 2 spell levels left.
You knew the following spells:

 Your Spells              Type           Power        Failure   Level
a - Tukima's Dance        Hex            30%          1%          3
b - Ensorcelled Hibernat  Hex/Ice        36%          3%          2
i - Corona                Hex            33%          1%          1

Your spell library contained the following spells:

 Spells                   Type           Power        Failure   Level
 Confusing Touch          Hex            30%          1%          3
 Dazzling Flash           Conj/Hex       32%          10%         3


Dungeon Overview and Level Annotations

Branches:
Dungeon (6/15)
 Temple: D:4-7

Altars:


Innate Abilities, Weirdness & Mutations

You cannot wear armour.
You are incapable of wielding weapons or throwing items.
Your paws allow you to move quietly. (Stealth)
You have sharp claws.
You have razor-sharp teeth.
You have supernaturally acute eyesight. (SInv)
You cover ground quickly.
You are covered in fur. (AC +1)
Your sharp claws are effective at attacking unaware monsters.


Message History

Confirm with . or Enter, or press ? or * to list all spells.
Aiming: Ensorcelled Hibernation (safe; 3% risk of failure)
Press: ? - help, Shift-Dir - straight line, f - worker ant
Aim: a worker ant (severely wounded, chance to affect: 57%)
The worker ant looks drowsy...
You pounce on the unaware helpless worker ant!
You claw the worker ant!
You kill the worker ant!
Magic restored.
h - 3 scrolls labelled SOB MOAJORE (gained 1)
t - a scroll labelled YLEGIANAASS An orc priest comes into view.
It is wielding a +0 whip.
An orc priest is nearby!
An orc warrior comes into view. It is wielding a +0 trident.
You see here a scroll labelled DINAYDW PUAH.
Casting: Ensorcelled Hibernation (safe; 3% risk of failure)
Confirm with . or Enter, or press ? or * to list all spells.
Aiming: Ensorcelled Hibernation (safe; 3% risk of failure)
Press: ? - help, Shift-Dir - straight line, f - ogre
Aim: an ogre, wielding a +0 giant spiked club (chance to affect: 49%)
The ogre resists with some effort.
Casting: Ensorcelled Hibernation (safe; 3% risk of failure)
Confirm with . or Enter, or press ? or * to list all spells.
Aiming: Tukima's Dance (safe; 1% risk of failure)
Press: ? - help, Shift-Dir - straight line, f/p - ogre
Aim: an ogre, wielding a +0 giant spiked club (chance to affect: 70%)
The +0 giant spiked club dances into the air!
Casting: Tukima's Dance (safe; 1% risk of failure)
Confirm with . or Enter, or press ? or * to list all spells.
Aiming: Ensorcelled Hibernation (safe; 3% risk of failure)
Press: ? - help, Shift-Dir - straight line, f/p - ogre
Aim: an ogre (ally target, chance to affect: 49%)
The ogre resists with some effort.
The ogre hits you!
Ouch! That really hurt!
Unknown command.
Okay, then.
The ogre hits you.
* * * LOW HITPOINT WARNING * * *
The ogre hits you!
You die...

#...?.##!.....?..#
#..
#.O....##.......##
#..
#....#.###.....##
#..
......#......##.#
#..
......#.....###.##
#.. ........#.#.#
#(.# ###
.......##.#/####.#
......##.......#.##
#...####.......#@O#
.?# #....>..##.# .#
#.......##.#
#.....l.####
#.......# #?..S...#
#.......# #.......#
#.......#


You could see an ogre (ally target) and a friendly +0 giant spiked club.

Vanquished Creatures
  An orc priest (D:3)
  A hound (D:4)
  An orc wizard (D:3)
  2 worker ants
  9 adders
  2 worms
  2 dart slugs
  3 leopard geckos
  7 orcs
  4 giant cockroaches
  9 goblins
  6 hobgoblins
  6 jackals (D:2)
  2 quokkas
  2 bats (D:2)
  7 frilled lizards
  9 kobolds
  A leopard gecko skeleton (D:4)
  6 rats
80 creatures vanquished.

Vanquished Creatures (collateral kills)
  An orc wizard (D:4)
1 creature vanquished.

Vanquished Creatures (others)
  2 plants (D:4)
2 creatures vanquished.

Grand Total: 83 creatures vanquished

Notes
Turn   | Place    | Note
-------+----------+-------------------------------------------
     0 | D:1      | inc the Felid Enchanter began the quest for the Orb.
     0 | D:1      | Reached XP level 1. HP: 7/7 MP: 4/4
   233 | D:1      | Reached skill level 5 in Hexes
   243 | D:1      | Reached XP level 2. HP: 10/11 MP: 4/6
   342 | D:1      | Learned a level 2 spell: Ensorcelled Hibernation
  1814 | D:2      | Reached skill level 6 in Hexes
  1881 | D:2      | Reached XP level 3. HP: 14/14 MP: 4/7
  1978 | D:2      | Reached skill level 1 in Ice Magic
  3071 | D:2      | Reached XP level 4. HP: 18/18 MP: 1/8
  3272 | D:3      | Reached skill level 7 in Hexes
  3276 | D:3      | Learned a level 3 spell: Tukima's Dance
  4205 | D:3      | Reached XP level 5. HP: 21/21 MP: 9/9
  4815 | D:3      | Killed from afar by an orc priest
  4816 | D:3      | Reached XP level 4. HP: 0/18 MP: 6/8
  4853 | D:3      | Reached skill level 8 in Hexes
  5196 | D:3      | Reached XP level 5. HP: 21/21 MP: 6/9
  5404 | D:4      | Reached skill level 9 in Hexes
  5661 | D:4      | Noticed an orc warrior
  5859 | D:4      | Noticed an ogre
  6020 | D:5      | Entered Level 5 of the Dungeon
  6043 | D:5      | Noticed an ogre
  6048 | D:5      | HP: 1/21 [white imp/puff of frost (9)]
  6505 | D:5      | Noticed an orc warrior
  6527 | D:5      | Slain by an ogre

Illustrated notes

Levels and vault maps discovered:
D:1:      arrival_zaba_pyramid, layout_basic
D:2:      layout_rooms
D:3:      layout_loops_ring, dk_noncrumbling_2
D:4:      layout_gridville, minmay_misc_feat_encased, serial_bayou_ford_a
D:5:      layout_rooms, ebering_ghost_sewer_f, nicolae_qazlal_eye_of_the_storm
D:6:      layout_loops_ring, serial_bayou_pond_e,
          chequers_serial_rivers_micro_a, uniq_sigmund

Skill      XL: |  1  2  3  4  5 |
---------------+----------------+-----
Hexes          | 5 6 8 9 |  9.0
Ice Magic      | 1 |  1.5
Dodging        | |  2.6
Stealth        | |  4.4
Unarmed Combat | |  1.5
Spellcasting   | |  2.4

Action                   |  1- 3 |  4- 6 || total
-------------------------+-------+-------++-------
Melee: Unarmed           |    96 |   113 ||   209
       Bite              |     3 |     5 ||     8
       Punch             |     1 |       ||     1
 Cast: Corona            |     3 |       ||     3
       Ensorcelled Hiber |    39 |    61 ||   100
       Tukima's Dance    |       |     3 ||     3
  Use: Potion            |       |     1 ||     1
 Stab: Sleeping          |    34 |    40 ||    74
       Distracted        |       |     1 ||     1
Armor: Skin              |     3 |     2 ||     5
Dodge: Dodged            |    97 |    87 ||   184

Table legend: (Time is in decaauts)
 A = Elapsed time spent in this place.
 B = Non-inter-level travel time spent in this place.
 C = Inter-level travel time spent in this place.
 D = Time resting spent in this place.
 E = Time spent auto-exploring this place.
 F = Levels seen in this place.
 G = Mean time per level.
                   A        B        C        D        E       F      G
               +--------+--------+--------+--------+--------+-----+--------+
         Total |   5944 |   5823 |    121 |   2562 |   2057 |   6 |  990.7 |
       Dungeon |   5944 |   5823 |    121 |   2562 |   2057 |   6 |  990.7 |
               +--------+--------+--------+--------+--------+-----+--------+

Top non-repeatable levels by time:
     D:3: 1714 daAuts
     D:1: 1631 daAuts
     D:2: 1404 daAuts
     D:4: 706 daAuts
     D:6: 394 daAuts
     D:5: 93 daAuts
